 Dungeon Crawl Stone Soup version 0.24-a0-92-g7d8ec57 (console) character file.

Game seed: 16252395429356904713

10 Duffy the Ruffian (level 2, -6/23 HPs)
             Began as a Draconian Transmuter on Feb 9, 2019.
             Mangled by Natasha (7 damage)
             ... on level 2 of the Dungeon.
             The game lasted 00:00:31 (387 turns).

Duffy the Ruffian (Draconian Transmuter)             Turns: 387, Time: 00:00:32

Health: -6/23      AC:  4    Str: 12    XL:     2   Next: 10%
Magic:  5/5        EV: 12    Int: 13    God:
Gold:   6          SH:  0    Dex: 11    Spells: 4/5 levels left

rFire    . . .     SeeInvis .     - Unarmed
rCold    . . .     Gourm    .   (no shield)
rNeg     . . .     Faith    .   (armour unavailable)
rPois    .         Spirit   .   (helmet restricted)
rElec    .         Reflect  .   (no cloak)
rCorr    .         Harm     .   (no gloves)
MR       .....                  (no boots)
Stlth    +.........             (no amulet)
HPRegen  0.07/turn              (no ring)
MPRegen  0.09/turn              (no ring)

@: no status effects
A: unfitting armour, cold-blooded, AC +4
a: no special abilities


You were on level 2 of the Dungeon.
You were not hungry.

You visited 1 branch of the dungeon, and saw 2 of its levels.

You collected 6 gold pieces.

Inventory:

Missiles
 a - 31 arrows
Scrolls
 d - a scroll of amnesia {unknown}
 e - a scroll of fog {unknown}
Comestibles
 b - 5 chunks of flesh
 c - 2 rations


   Skills:
 - Level 1.1 Fighting
 - Level 1.7 Dodging
 + Level 3.3 Unarmed Combat
 - Level 2.0 Spellcasting
 + Level 2.4 Transmutations


You had 4 spell levels left.
You knew the following spells:

 Your Spells              Type           Power        Failure   Level  Hunger
h - Beastly Appendage     Tmut           #.....       10%         1    ##.....

Your spell library contained the following spells:

 Spells                   Type           Power        Failure   Level  Hunger
 Sticks to Snakes         Tmut           #.......     14%         2    ###....
 Spider Form              Tmut/Pois      #.........   43%         3    ####...
 Ice Form                 Ice/Tmut       #.......     83%         4    #####..
 Blade Hands              Tmut           #.........   95%         5    ######.


Dungeon Overview and Level Annotations

Branches:
Dungeon (2/15)

Altars:

Annotations:
D:2 Natasha, Sigmund


Innate Abilities, Weirdness & Mutations

Your plain brown scales are hard. (AC +4)
You cannot fit into any form of body armour.
You are cold-blooded and may be slowed by cold attacks.


Message History

Natasha casts a spell.
You hit Natasha.
Natasha is heavily wounded.
Natasha claws you.
You barely miss Natasha.
Natasha is heavily wounded.
Natasha claws you!
You closely miss Natasha.
Natasha is heavily wounded.
Natasha misses you.
You closely miss Natasha. You tail-slap Natasha.
Natasha is heavily wounded.
Natasha claws you!
You hit Natasha.
Your tail-slap misses Natasha.
Natasha is heavily wounded.
Natasha claws you.
You closely miss Natasha.
Natasha is heavily wounded.
Natasha claws you!
You die...

......# ###
#.. ###.# .
#.... 5
#.#.# .#
#.#.###.#.#
#.#.....h
#@#..h#
#h#<..#
#5#...#.#.
#5'........
###...#####
#...# #...#
#...# #...#


You could see an iron imp, Natasha and a white imp.

Vanquished Creatures
  A bat (D:1)
  2 giant cockroaches (D:1)
  A goblin (D:1)
  A hobgoblin (D:1)
  A jackal (D:1)
  A ball python (D:1)
  A frilled lizard (D:1)
  A rat (D:1)
9 creatures vanquished.

Notes
Turn   | Place    | Note
-------+----------+-------------------------------------------
     0 | D:1      | Duffy the Draconian Transmuter began the quest for the Orb.
     0 | D:1      | Reached XP level 1. HP: 16/16 MP: 3/3
   165 | D:2      | Noticed Sigmund
   199 | D:1      | Reached XP level 2. HP: 12/23 MP: 5/5
   368 | D:2      | Noticed Natasha
   369 | D:2      | Noticed a crimson imp
   386 | D:2      | HP: 1/23 [Natasha (1)]
   387 | D:2      | Mangled by Natasha

Levels and vault maps discovered:
D:1:      minmay_arrival_diagonal_passages, layout_rooms
D:2:      layout_basic, first_ration, uniq_natasha, uniq_sigmund

Action                   || total
-------------------------++-------
Melee: Unarmed           ||    45
       Tailslap          ||     2
Armor: Skin              ||     8
Dodge: Dodged            ||    40

Table legend:
 A = Non-vault XP
 B = Vault XP
 C = Vault XP percentage of total XP
 D = Non-vault monster count
 E = Vault monster count
 F = Vault count percentage of total count
                 A         B        C        D         E       F
            +---------+---------+-------+---------+---------+-------
      Total |      15 |       0 |   0.0 |       9 |       0 |   0.0
            +---------+---------+-------+---------+---------+-------
        D:1 |      15 |       0 |   0.0 |       9 |       0 |   0.0
            +---------+---------+-------+---------+---------+-------
